 Dungeon Crawl Stone Soup version 0.15.2 (webtiles) character file.

3978 kae the Covert (level 10, -4/42 (46) HPs)
             Began as a Spriggan Enchanter on Dec 25, 2014.
             Was a Priest of Dithmenos.
             Killed by nerve-wracking pain
             ... invoked by an orc priest
              (8 damage)
             ... on Level 8 of the Dungeon.
             The game lasted 00:17:29 (8372 turns).

kae the Covert (Spriggan Enchanter)                 Turns: 8372, Time: 00:17:29

HP  -4/42 (46)   AC  6     Str  7      XL: 10   Next:  2%
MP  22/29        EV 23     Int 16      God: Dithmenos [***...]
Gold 218         SH  0     Dex 20      Spells:  3 memorised, 18 levels left

rFire  . . .     SeeInvis +     b - +4 dagger (speed)
rCold  . . .     Clarity  .     w - +1 robe
rNeg   . . .     rCorr    .     (shield restricted)
rPois  .         rRot     .     (helmet restricted)
rElec  .         Spirit   .     j - +1 cloak
SustAb .         Warding  .     (gloves unavailable)
rMut   .         Stasis   .     (boots unavailable)
Gourm  .                        B - cursed amulet of faith
MR     +....                    (no ring)
                                k - +2 ring of dexterity

@: very slightly contaminated, hasted, wreathed by umbra, drained, very quick,
somewhat resistant to hostile enchantments, incredibly stealthy
A: unfitting armour, icy blue scales 1, see invisible, herbivore 3, speed 3,
slow metabolism 2
a: Shadow Step, Renounce Religion


You were on level 8 of the Dungeon.
You worshipped Dithmenos.
Dithmenos was most pleased with you.
You were hungry.

You visited 2 branches of the dungeon, and saw 9 of its levels.

You collected 323 gold pieces.
You spent 105 gold pieces at shops.

Inventory:

Hand weapons
 a - a cursed +1 dagger
 b - a +4 dagger of speed (weapon)
Armour
 j - a +1 cloak (worn)
 w - a +1 robe (worn)
Magical devices
 d - a wand of paralysis (10) {unknown}
 e - a wand of confusion (1) {unknown}
 C - a wand of paralysis (10) {unknown}
 F - a wand of slowing (12)
Comestibles
 f - 3 fruits
 q - 3 slices of pizza
 r - 2 royal jellies
 s - 4 bread rations
Scrolls
 g - a scroll of random uselessness
 h - 2 scrolls of fog
 l - a scroll of noise
 o - a scroll of blinking {unknown}
 p - 5 scrolls of remove curse
 v - 3 scrolls of teleportation
 y - 3 scrolls of recharging
Jewellery
 k - a +2 ring of dexterity (left hand)
 n - a cursed amulet of clarity
 x - a cursed ring of fire
 B - a cursed amulet of faith (around neck)
Potions
 i - a potion of resistance
 t - a potion of poison {unknown}
 u - a potion of agility
 z - a potion of lignification {unknown}
 D - 2 potions of might
 E - a potion of cancellation {unknown}
Books
 c - a book of Maledictions

   Spells                             Type                      Level
   *Corona                            Hexes                        1
   Sure Blade                         Hexes/Charms                 2
   *Ensorcelled Hibernation           Hexes/Ice                    2
   *Confuse                           Hexes                        3
   Dazzling Spray                     Conjuration/Hexes            3
   Enslavement                        Hexes                        4


   Skills:
 + Level 1.9(1.3) Fighting
 + Level 3.4(2.7) Short Blades
 + Level 7.3(6.5) Dodging
 + Level 14.0(13.0) Stealth
 + Level 7.9(7.1) Spellcasting
 + Level 7.5(6.7) Hexes
 + Level 3.4(2.7) Ice Magic


You had 18 spell levels left.
You knew the following spells:

 Your Spells              Type           Power        Failure   Level  Hunger
a - Corona                Hex            ####...      1%          1    None
b - Ensorcelled Hibernat  Hex/Ice        ###...       2%          2    None
c - Confuse               Hex            ####....     1%          3    ##.....


Dungeon Overview and Level Annotations

Branches:
Dungeon (8/15)             Temple (1/1) D:4
   Lair: D:8-11

Altars:
Ashenzari
Dithmenos
Elyvilon
Fedhas
Kikubaaqudgha
Makhleb
Nemelex Xobeh
Okawaru
Qazlal
Trog
Xom
Yredelemnul
Zin
The Shining One

Shops:
D:6 ?

Annotations:
D:7 Pikel


Innate Abilities, Weirdness & Mutations

You are tiny and cannot use many weapons and most armour.
You have supernaturally acute eyesight.
You are a herbivore.
You cover ground extremely quickly.
You need consume almost no food.
You are partially covered in icy blue scales (AC +1).


Message History

Casting: Ensorcelled Hibernation
Confirm with . or Enter, or press ? or * to list all spells.
Aiming: Ensorcelled Hibernation
Press: ? - help, Shift-Dir - straight line, f/p - orc priest
Aim: an orc priest, wielding a flail and wearing a ring mail (umbra)
The orc priest resists with significant effort.
The orc wizard completely misses you.
The orc wizard points at you and mumbles some strange words.
The magic dart hits you!
The orc warrior hits you with a short sword of draining!
* * * LOW HITPOINT WARNING * * *
You feel drained.
* * * LOW HITPOINT WARNING * * *
Read which item? (? for menu, Esc to quit)
Okay, then.
Drink which item? (? for menu, Esc to quit)
You feel yourself speed up. The orc wizard closely misses you.
The orc priest mumbles some strange prayers to Beogh against you.
Pain shoots through your body!
You die...

# #... ######## #...
###>.....# #...
.##......# #...
.##......# #...
.##......# #...
.##......# #..o###
.##......# #..o@.#
.##).....# #..o#.###
.##)...).# #...#...#
.####..%###########.#
## #)#....##### #.# #
#%####.....# #.#####
# #.# #####)# #.....#
#####.########.##
#.....#
#..........##%..#
#.....#


You could see an orc warrior, an orc priest and an orc wizard.

Vanquished Creatures
  An item mimic (D:8)
  A two-headed ogre (D:8)
  A hippogriff (D:6)
  Eustachio (D:7)
  A hill giant skeleton (D:8)
  A sky beast (D:6)
  A water moccasin (D:6)
  2 slaves (D:7)
  5 necrophages (D:7)
  2 black bears (D:6)
  A crocodile (D:8)
  3 ogres
  Duvessa (D:8)
  4 giant frogs
  Blork the orc (D:7)
  6 wights
  10 killer bees (D:8)
  2 scorpions
  2 goliath beetles
  Dowan (D:8)
  2 crimson imps
  2 orc priests (D:3)
  A centaur skeleton (D:4)
  9 worker ants
  A black bear skeleton (D:6)
  An iguana (D:8)
  3 mummies (D:7)
  9 adders
  4 gnolls (D:6)
  A scorpion zombie (D:7)
  A giant mite (D:5)
  5 worms
  An iguana skeleton (D:7)
  An adder skeleton (D:4)
  7 giant geckos
  7 orcs
  2 ball pythons
  16 bats
  2 giant cockroaches
  A gnoll zombie (D:6)
  15 goblins
  7 hobgoblins
  9 kobolds
  2 quokkas
  A giant gecko skeleton (D:7)
  3 giant newts
  A gnoll skeleton (D:4)
  8 jackals
  3 kobold zombies
  3 orc skeletons
  A quokka skeleton (D:5)
  10 rats
  3 ballistomycetes (D:7)
  A plant (D:7)
190 creatures vanquished.

Vanquished Creatures (others)
  A giant spore (D:7)
1 creature vanquished.

Grand Total: 191 creatures vanquished

Notes
Turn   | Place    | Note
--------------------------------------------------------------
     0 | D:1      | kae, the Spriggan Enchanter, began the quest for the Orb.
     0 | D:1      | Reached XP level 1. HP: 9/9 MP: 4/4
   354 | D:1      | Reached XP level 2. HP: 13/13 MP: 7/7
   389 | D:1      | Learned a level 2 spell: Ensorcelled Hibernation
   535 | D:2      | Reached XP level 3. HP: 16/16 MP: 9/11
   540 | D:2      | Learned a level 3 spell: Confuse
   569 | D:2      | Reached skill level 5 in Stealth
  1059 | D:2      | Reached XP level 4. HP: 21/21 MP: 10/13
  1597 | D:3      | Reached skill level 6 in Stealth
  1642 | D:3      | Noticed a giant frog
  1646 | D:3      | Killed a giant frog
  1646 | D:3      | Reached XP level 5. HP: 24/24 MP: 14/18
  1896 | D:3      | Reached skill level 7 in Stealth
  1896 | D:3      | Reached skill level 1 in Ice Magic
  2152 | D:3      | Reached XP level 6. HP: 25/28 MP: 20/20
  2612 | D:4      | Found a glowing golden altar of the Shining One.
  2619 | D:4      | Found a staircase to the Ecumenical Temple.
  2647 | Temple   | Entered the Ecumenical Temple
  2960 | D:4      | Reached skill level 8 in Stealth
  3084 | D:4      | Found a shadowy altar of Dithmenos.
  3135 | D:4      | Became a worshipper of Dithmenos the Shadowed
  3325 | D:4      | Reached XP level 7. HP: 32/32 MP: 22/22
  3512 | D:5      | Entered Level 5 of the Dungeon
  3525 | D:5      | Reached skill level 9 in Stealth
  3869 | D:5      | Reached skill level 5 in Hexes
  4019 | D:5      | Reached skill level 10 in Stealth
  4564 | D:6      | Reached skill level 5 in Spellcasting
  4624 | D:6      | Found a sparkling altar of Nemelex Xobeh.
  4663 | D:6      | Reached XP level 8. HP: 35/37 MP: 19/24
  4671 | D:6      | Reached skill level 1 in Fighting
  4755 | D:6      | Reached skill level 11 in Stealth
  4801 | D:6      | Reached skill level 5 in Dodging
  5071 | D:6      | Found Ytivoib's Magic Scroll Boutique.
  5074 | D:6      | Bought a scroll of enchant weapon for 105 gold pieces
  5081 | D:6      | Gained mutation: You are partially covered in icy blue scales (AC +1). [potion of beneficial mutation]
  5609 | D:6      | Reached skill level 12 in Stealth
  5665 | D:7      | Noticed Eustachio
  5668 | D:7      | Acquired Dithmenos' first power
  5676 | D:7      | Killed Eustachio
  5678 | D:7      | Noticed Blork the orc
  5795 | D:7      | Killed Blork the orc
  6110 | D:7      | Reached XP level 9. HP: 41/41 MP: 26/26
  6125 | D:7      | Found a burning altar of Makhleb.
  6125 | D:7      | Found a shimmering altar of Xom.
  6371 | D:7      | Noticed Pikel
  6735 | D:7      | Found a bloodstained altar of Trog.
  7059 | D:8      | Found an ancient bone altar of Kikubaaqudgha.
  7084 | D:8      | Reached skill level 13 in Stealth
  7130 | D:8      | Noticed Duvessa
  7130 | D:8      | Noticed Dowan
  7146 | D:8      | Killed Duvessa
  7149 | D:8      | Killed Dowan
  7468 | D:8      | Acquired Dithmenos' second power
  7934 | D:8      | HP: 1/38 [poisoned by a meat ration mimic]
  7941 | D:8      | Killed a meat ration mimic
  8328 | D:8      | Reached skill level 14 in Stealth
  8328 | D:8      | Reached XP level 10. HP: 40/42 MP: 26/29
  8372 | D:8      | Killed from afar by an orc priest

Action                   |  1- 3 |  4- 6 |  7- 9 | 10-12 || total
-------------------------+-------+-------+-------+-------++-------
Melee: Dagger            |    94 |   101 |   303 |     2 ||   500
 Cast: Corona            |     4 |       |     1 |       ||     5
       Ensorcelled Hiber |     8 |    29 |    67 |     4 ||   108
       Confuse           |       |       |    24 |       ||    24
Evoke: Wand              |       |       |     1 |       ||     1
  Use: Scroll            |       |     7 |    11 |       ||    18
       Potion            |       |       |     5 |     1 ||     6
 Stab: Sleeping          |    13 |    42 |    64 |     2 ||   121
       Distracted        |       |     1 |     1 |       ||     2
       Confused          |       |       |    10 |       ||    10
  Eat: Fruit             |       |       |     1 |       ||     1
